 Dungeon Crawl Stone Soup version 0.30-a0-540-g0af01429fa (webtiles) character file.

Game seed: 6605925880561935057

245 purpskrrrp the Shooter (level 5, 0/29 HPs)
             Began as a Deep Elf Hunter on Dec 26, 2022.
             Slain by a black bear (8 damage)
             ... on level 4 of the Dungeon.
             The game lasted 00:03:52 (2718 turns).

purpskrrrp the Shooter (Deep Elf Hunter)            Turns: 2718, Time: 00:03:53

Health: 0/29       AC:  3    Str: 14    XL:     5   Next: 83%
Magic:  7/7        EV: 14    Int: 23    God:
Gold:   66         SH:  0    Dex: 17    Spells: 4/4 levels left

rFire   x x .      SeeInvis +    a - +0 shortbow
rCold   + . .      Faith    .    (shield currently unavailable)
rNeg    . . .      Spirit   .    c - +0 leather armour
rPois   .          Reflect  .    (no helmet)
rElec   .          Harm     .    (no cloak)
rCorr   .          Rampage  .    (no gloves)
Will    .....                    (no boots)
Stlth   ++                       (no amulet)
HPRegen 0.24/turn                i - ring of ice
MPRegen 0.10/turn                q - ring of Temperance {rF- Str+6 Int+9 Dex-3 SInv}

@: no status effects
A: no striking features
a: no special abilities


You were on level 4 of the Dungeon.
You visited 1 branch of the dungeon, and saw 4 of its levels.

You collected 66 gold pieces.

Inventory:

Hand Weapons
 a - a +0 shortbow (weapon)
Armour
 c - a +0 leather armour (worn)
Jewellery
 i - a ring of ice (left hand)
 j - a ring of protection from cold
 q - the ring of Temperance (right hand) {rF- Str+6 Int+9 Dex-3 SInv}
   (You found it on level 3 of the Dungeon)

   [ring of strength]

   Str:       It affects your strength (+6).
   Int:       It affects your intelligence (+9).
   Dex:       It affects your dexterity (-3).
   rF:        It makes you vulnerable to fire.
   SInv:      It lets you see invisible.
 s - a ring of magical power
 u - a +4 ring of evasion
Scrolls
 b - a scroll of immolation
 d - 2 scrolls of blinking {unknown}
 f - 4 scrolls of identify
 h - a scroll of brand weapon {unknown}
 m - 2 scrolls of fear {unknown}
 r - a scroll of torment {unknown}
Potions
 e - 4 potions of haste {unknown}
 g - 4 potions of curing
 k - 2 potions of flight {unknown}
 l - a potion of attraction {unknown}
 n - a potion of ambrosia {unknown}
 o - a potion of resistance {unknown}
 p - a potion of magic {unknown}


   Skills:
 - Level 1.5 Fighting
 + Level 7.6 Ranged Weapons
 + Level 5.5 Dodging
 - Level 1.2 Stealth


You had 4 spell levels left.
You didn't know any spells.
Your spell library was empty.

Dungeon Overview and Level Annotations

Branches:
Dungeon (4/15)
 Temple: D:4-7

Altars:


Message History

HP restored.
e - 4 lumpy ruby potions (gained 1)
An orc priest is nearby!
You shoot an arrow. The arrow barely misses the orc priest.
The orc priest shouts!
You hear an angry growl.
You hear a shout!
You hear an angry hiss.
You shoot an arrow. The arrow hits the orc priest.
The orc priest is moderately wounded.
You hear a shout!
The orc priest barely misses you.
An adder comes into view.
The orc priest mumbles some strange prayers to Beogh against you.
Pain shoots through your body!
You shoot an arrow.
The arrow closely misses the orc priest.
The orc priest hits you but does no damage.
You shoot an arrow. The arrow hits the orc priest!
The orc priest is severely wounded.
The black bear barely misses you. The black bear claws you.
The black bear barely misses you. The orc priest hits you with a +0 mace.
You are too injured to fight recklessly!
You are too injured to fight recklessly!
You are too injured to fight recklessly!
You are too injured to fight recklessly!
The black bear attacks as you move away!
The black bear closely misses you. The black bear misses you.
The black bear closely misses you.
The black bear attacks as you move away!
The black bear misses you. x2; The black bear barely misses you.
The orc wizard gestures wildly while chanting.
The orc wizard flickers and vanishes for a moment.
The orc wizard mumbles some strange words.
The orc wizard flickers and vanishes for a moment.
The black bear closely misses you. The black bear barely misses you. x2
A hound comes into view.
The adder attacks as you move away! The adder bites you.
* * * LOW HITPOINT WARNING * * *
The black bear attacks as you move away!
The black bear bites you!
You die...

#.## ##..# #..#...
#h..# . #...# . . ##..#
.###.. #.## ...... #.#
#o..... ##.# ##o..#
#.@# ##..# #Sh####..##
#########...##..##
##..##......o...##
#...............#
##..######.......#
#..## ###.....##
.###..### ##......#
#...#....######..†....#


You could see a black bear, a hound (wandering), an orc priest and an adder.

Vanquished Creatures
  A necrophage (D:4)
  A hound (D:4)
  An iguana (D:3)
  5 adders
  A dart slug (D:1)
  2 worms
  2 orcs
  3 ball pythons
  5 endoplasms
  4 giant cockroaches
  5 hobgoblins
  4 quokkas
  8 bats
  2 frilled lizards
  8 goblins
  11 kobolds
  4 rats (D:1)
67 creatures vanquished.

Notes
Turn   | Place    | Note
-------+----------+-------------------------------------------
     0 | D:1      | purpskrrrp the Deep Elf Hunter began the quest for the Orb.
     0 | D:1      | Reached XP level 1. HP: 12/12 MP: 3/3
   117 | D:1      | Reached XP level 2. HP: 16/16 MP: 4/4
   211 | D:1      | Found a faded altar of an unknown god.
   425 | D:1      | Reached skill level 6 in Ranged Weapons
   435 | D:1      | Reached XP level 3. HP: 15/20 MP: 5/5
  1346 | D:3      | Reached XP level 4. HP: 25/25 MP: 6/6
  1604 | D:3      | Identified the ring of Temperance {rF- Str+6 Int+9 Dex-3
                  | SInv}
  2348 | D:4      | Reached skill level 7 in Ranged Weapons
  2348 | D:4      | Reached XP level 5. HP: 29/29 MP: 7/7
  2426 | D:4      | Reached skill level 5 in Dodging
  2542 | D:4      | Noticed a black bear
  2718 | D:4      | Slain by a black bear

Illustrated notes

Levels and vault maps discovered:
D:1:      amcnicky_arrival_double_pillar, layout_loops_ring,
          chequers_ecumenical_altar_simple_redux, minivault_24, minivault_24,
          corner_web_ring
D:2:      layout_rooms
D:3:      layout_basic, serial_co_window_serial, co_window_paths_a,
          co_window_paths_a, co_window_paths_b, co_window_corner_a,
          co_window_of_opportunity_a, co_window_paths_b, co_window_paths_a,
          co_window_corner_b, co_window_corner_cb, co_window_corner_ca,
          co_window_corner_ca, co_window_unsneaky_path_c, serial_bayou_pond_a
D:4:      layout_layer_cave, nicolae_overflow_crystal_walls, uniq_menkaure

Skill      XL: |  1  2  3  4  5 |
---------------+----------------+-----
Dodging        | 3 4 5 |  5.5
Ranged Weapons | 6 7 |  7.6
Fighting       | |  1.5
Stealth        | |  1.2

Action                   |  1- 3 |  4- 6 || total
-------------------------+-------+-------++-------
 Fire: Shortbow          |    96 |    82 ||   178
  Use: Scroll            |     5 |     1 ||     6
       Potion            |       |     2 ||     2
Armor: Leather armour    |     8 |     6 ||    14
Dodge: Dodged            |    15 |    40 ||    55

Table legend: (Time is in decaauts)
 A = Elapsed time spent in this place.
 B = Non-inter-level travel time spent in this place.
 C = Inter-level travel time spent in this place.
 D = Time resting spent in this place.
 E = Time spent auto-exploring this place.
 F = Levels seen in this place.
 G = Mean time per level.
                   A        B        C        D        E       F      G
               +--------+--------+--------+--------+--------+-----+--------+
         Total |   2757 |   2705 |     52 |    190 |   2137 |   4 |  689.2 |
       Dungeon |   2757 |   2705 |     52 |    190 |   2137 |   4 |  689.2 |
               +--------+--------+--------+--------+--------+-----+--------+

Top non-repeatable levels by time:
     D:3: 991 daAuts
     D:1: 862 daAuts
     D:2: 488 daAuts
     D:4: 415 daAuts
